 Dungeon Crawl Stone Soup version 0.28-a0-792-g75f770b44e (webtiles) character file.

Game seed: 5009070695061847565

761 Essalna the Firebug (level 7, -1/36 HPs)
             Began as a Gargoyle Fire Elementalist on Nov 3, 2021.
             Slain by a gnoll sergeant (9 damage)
             ... on level 3 of the Dungeon.
             The game lasted 00:07:34 (3815 turns).

Essalna the Firebug (Gargoyle Fire Elementalist)    Turns: 3815, Time: 00:07:35

Health: -1/36      AC:  7    Str: 11    XL:     7   Next: 80%
Magic:  2/14       EV: 11    Int: 18    God:
Gold:   138        SH:  0    Dex: 10    Spells: 12/15 levels left

rFire   . . .      SeeInvis .   q - +1 whip (elec)
rCold   . . .      Faith    .   (no shield)
rNeg    + . .      Spirit   .   a - +0 robe
rPois   ∞          Reflect  .   (no helmet)
rElec   +          Harm     .   (no cloak)
rCorr   .          Rampage  .   p - +0 pair of gloves
Will    +....                   (no boots)
Stlth   ++........              i - amulet of the acrobat
HPRegen 0.12/turn               h - ring of willpower
MPRegen 0.14/turn               (no ring)

@: no status effects
A: sickness immunity, AC +4, negative energy resistance 1, electricity
resistance, torment resistance 1, petrification resistance
a: no special abilities


You were on level 3 of the Dungeon.
You visited 1 branch of the dungeon, and saw 5 of its levels.

You collected 138 gold pieces.

Inventory:

Hand Weapons
 c - a +0 dagger
 g - a +3 dagger
 q - a +1 whip of electrocution (weapon)
Armour
 a - a +0 robe (worn)
 p - a +0 pair of gloves (worn)
Magical Staves
 r - a staff of death
Jewellery
 h - a ring of willpower (left hand)
 i - an amulet of the acrobat (around neck)
Scrolls
 e - a scroll of fog {unknown}
 f - 4 scrolls of teleportation {unknown}
 j - a scroll of identify {unknown}
 m - a scroll of torment {unknown}
 s - a scroll of magic mapping {unknown}
 t - a scroll of vulnerability {unknown}
Potions
 b - a potion of might {unknown}
 d - 3 potions of curing {unknown}
 k - 2 potions of haste {unknown}
 l - a potion of cancellation {unknown}
 n - a potion of attraction {unknown}
 o - a potion of invisibility {unknown}


   Skills:
 - Level 1.5 Dodging
 - Level 2.1 Stealth
 + Level 4.7 Spellcasting
 + Level 5.3 Conjurations
 + Level 5.6 Fire Magic


You had 12 spell levels left.
You knew the following spells:

 Your Spells              Type           Power      Damage    Failure   Level
a - Foxfire               Conj/Fire      96%        2x1d8     1%          1
b - Scorch                Fire           48%        2d7       1%          2

Your spell library contained the following spells:

 Spells                   Type           Power      Damage    Failure   Level
 Conjure Flame            Conj/Fire      24%        6-21      4%          3
 Inner Flame              Hex/Fire       14%        N/A       13%         3
 Flame Wave               Conj/Fire      24%        3d6       14%         4


Dungeon Overview and Level Annotations

Branches:
Dungeon (5/15)
 Temple: D:4-7

Altars:
Dithmenos

Annotations:
D:3 1 runed translucent door, Crazy Yiuf


Innate Abilities, Weirdness & Mutations

You are immune to sickness and miasma.
Your stone body is resilient. (AC +4)
You are immune to poison.
You resist negative energy. (rN+)
You are resistant to electric shocks. (rElec)
You are resistant to unholy torment.
You are immune to petrification.


Message History

Confirm with . or Enter, or press ? or * to list all spells.
You don't have enough magic to cast this spell.
The gnoll sergeant is no longer more vulnerable to fire.
Casting: Scorch (safe; 1% risk of failure)
Confirm with . or Enter, or press ? or * to list all spells.
Flames lash the gnoll sergeant.
The gnoll sergeant is moderately wounded.
The gnoll sergeant's fire resistance burns away.
The gnoll sergeant closely misses you.
Casting: Scorch (safe; 1% risk of failure)
Confirm with . or Enter, or press ? or * to list all spells.
Flames lash the gnoll sergeant.
The gnoll sergeant is burned terribly!
The gnoll sergeant is severely wounded.
The gnoll sergeant hits you from afar with a +0 spear.
The gnoll sergeant closely misses you.
You hit the gnoll sergeant but do no damage.
The gnoll sergeant is severely wounded.
The gnoll sergeant misses you.
The gnoll sergeant hits you with a +0 spear!
You hit the gnoll sergeant.
The gnoll sergeant is almost dead.
The gnoll sergeant is no longer more vulnerable to fire.
The gnoll sergeant hits you with a +0 spear.
You hit the gnoll sergeant but do no damage.
The gnoll sergeant is almost dead.
The gnoll sergeant hits you with a +0 spear!
* * * LOW HITPOINT WARNING * * *
You hit the gnoll sergeant but do no damage.
The gnoll sergeant is almost dead.
The gnoll sergeant closely misses you. The gnoll sergeant blocks your attack.
The gnoll sergeant is almost dead.
The gnoll sergeant barely misses you.
You closely miss the gnoll sergeant.
The gnoll sergeant is almost dead.
The gnoll sergeant hits you but does no damage.
You barely miss the gnoll sergeant.
The gnoll sergeant is almost dead.
The gnoll sergeant hits you with a +0 spear!
You die...

##################
.................#
....############.#
.......##......#.#
....##.##.####.#.#
)).....##.# #.#.#
.....####.# #.#.#
..........# #.#g#
.....#########.#@#
...............#.#
#.##.......#...#.#
#.#..<#.##.#.#.#.#
#.#........#.#.#.#
#.##....##########
#.......#
#####..### #####
.........# #..)#


You could see a gnoll sergeant.

Vanquished Creatures
  Pikel (D:5)
  An ogre (D:5)
  A lemure (D:4)
  A bullfrog skeleton (D:4)
  A hound skeleton (D:4)
  9 gnolls
  An adder (D:4)
  An adder skeleton (D:4)
  A worm (D:2)
  2 dart slugs
  5 bats
  5 endoplasms
  5 giant cockroaches
  A goblin (D:1)
  6 hobgoblins
  2 jackals (D:1)
  5 quokkas
  6 ball pythons
  2 frilled lizards (D:1)
  4 kobolds
  7 rats
67 creatures vanquished.

Vanquished Creatures (others)
  310 foxfires
  A fungus (D:3)
311 creatures vanquished.

Grand Total: 378 creatures vanquished

Notes
Turn   | Place    | Note
-------+----------+-------------------------------------------
     0 | D:1      | Essalna the Gargoyle Fire Elementalist began the quest for
                  | the Orb.
     0 | D:1      | Reached XP level 1. HP: 10/10 MP: 3/3
   260 | D:1      | Reached XP level 2. HP: 15/15 MP: 0/5
   842 | D:1      | You fall into a shaft and drop 1 floor!
   845 | D:2      | Reached XP level 3. HP: 19/19 MP: 3/6
  1337 | D:1      | Learned a level 2 spell: Scorch
  1526 | D:2      | Reached XP level 4. HP: 24/24 MP: 1/8
  2112 | D:3      | Found a runed translucent door.
  2113 | D:3      | Noticed Crazy Yiuf
  2137 | D:3      | Noticed a gnoll sergeant
  2275 | D:3      | Found a faded altar of an unknown god.
  2715 | D:3      | Reached XP level 5. HP: 28/28 MP: 2/9
  2986 | D:4      | Noticed a lemure
  2986 | D:4      | Noticed Pikel
  3045 | D:4      | Killed a lemure
  3187 | D:4      | Noticed a lemure
  3188 | D:4      | Noticed a lemure
  3215 | D:4      | Noticed a lemure
  3220 | D:5      | Entered Level 5 of the Dungeon
  3222 | D:5      | Killed Pikel
  3223 | D:5      | Reached skill level 5 in Fire Magic
  3223 | D:5      | Reached XP level 6. HP: 12/32 MP: 0/12
  3223 | D:5      | Reached XP level 7. HP: 13/36 MP: 0/13
  3272 | D:5      | Reached skill level 5 in Conjurations
  3506 | D:4      | Found a shadowy altar of Dithmenos.
  3815 | D:3      | Slain by a gnoll sergeant

Illustrated notes

Levels and vault maps discovered:
D:1:      dpeg_arrival_shrine, layout_basic
D:2:      layout_basic, serial_glass, glass_columns_a, glass_columns_b,
          glass_columns_a, glass_columns_b, glass_columns_a, glass_columns_b,
          feat_on_display, item_on_display_b, minmay_strange_pillars
D:3:      layout_basic, shapermc_ecumenical_altar_mp_urbaneastern,
          kennysheep_generic_room_7, uniq_crazy_yiuf_cottage
D:4:      layout_rooms, mainiacjoe_overflow_catwalk, uniq_pikel
D:5:      layout_cave_pools, minmay_temple_entry_grid, serial_shops,
          nicolae_stop_n_shop_2, nicolae_lakefront_shop

Skill      XL: |  1  2  3  4  5  6  7 |
---------------+----------------------+-----
Conjurations   | 2 3 4 5 |  5.3
Spellcasting   | 3 4 |  4.7
Fire Magic     | 4 5 |  5.6
Dodging        | |  1.5
Stealth        | |  2.1

Action                   |  1- 3 |  4- 6 |  7- 9 || total
-------------------------+-------+-------+-------++-------
Melee: Unarmed           |    19 |       |       ||    19
       Dagger            |    26 |     6 |       ||    32
       Whip              |       |       |     9 ||     9
 Cast: Foxfire           |    82 |    69 |    29 ||   180
       Scorch            |       |     9 |     5 ||    14
Armor: Robe              |    23 |     3 |     2 ||    28
Dodge: Dodged            |    27 |     6 |     9 ||    42

Table legend: (Time is in decaauts)
 A = Elapsed time spent in this place.
 B = Non-inter-level travel time spent in this place.
 C = Inter-level travel time spent in this place.
 D = Time resting spent in this place.
 E = Time spent auto-exploring this place.
 F = Levels seen in this place.
 G = Mean time per level.
                   A        B        C        D        E       F      G
               +--------+--------+--------+--------+--------+-----+--------+
         Total |   3818 |   3725 |     93 |    135 |   2954 |   5 |  763.6 |
       Dungeon |   3818 |   3725 |     93 |    135 |   2954 |   5 |  763.6 |
               +--------+--------+--------+--------+--------+-----+--------+

Top non-repeatable levels by time:
     D:1: 1184 daAuts
     D:2: 957 daAuts
     D:4: 881 daAuts
     D:3: 647 daAuts
     D:5: 147 daAuts
